 Dungeon Crawl Stone Soup version 0.31-a0-233-g139696dc86 (webtiles) character file.

Game seed: 8562269208492576263

95 qw the Shooter (level 4, -4/28 HPs)
             Began as a Gargoyle Hexslinger on July 7, 2023.
             Slain by an orc priest
             ... wielding a +0 mace
              (7 damage)
             ... on level 3 of the Dungeon.
             The game lasted 00:00:44 (1644 turns).

qw the Shooter (Gargoyle Hexslinger)                Turns: 1644, Time: 00:00:45

Health: -4/28      AC:  8    Str: 12    XL:     4   Next: 65%
Magic:  5/5        EV: 10    Int: 13    God:
Gold:   141        SH:  0    Dex: 14    Spells: 4/5 levels left

rFire   . . .        Y - +1 sling
rCold   . . .        (no shield)
rNeg    + . .        g - +0 ring mail
rPois   inf          (no helmet)
rElec   +            (no cloak)
rCorr   +            (no gloves)
SInv    .            (no boots)
Will    .....        i - amulet of the acrobat
Stlth   +            c - ring of resist corrosion
HPRegen 0.24/turn    (no ring)
MPRegen 0.09/turn

%: acrobat
@: no status effects
A: sickness immunity, AC +3, negative energy resistance 1, electricity
resistance, torment resistance 1, petrification resistance
a: no special abilities


You were on level 3 of the Dungeon.
You visited 1 branch of the dungeon, and saw 3 of its levels.

You collected 141 gold pieces.


Innate Abilities, Weirdness & Mutations

You are immune to sickness and miasma.
Your stone body is resilient. (AC +3)
You are immune to poison.
You resist negative energy. (rN+)
You are resistant to electric shocks. (rElec)
You are resistant to unholy torment.
You are immune to petrification.


   Skills:
 - Level 3.0 Fighting
 + Level 3.8 Ranged Weapons
 - Level 1.5 Dodging
 - Level 1.0 Spellcasting
 - Level 2.6 Hexes


You had 4 spell levels left.
You knew the following spells:

 Your Spells              Type           Power      Damage    Failure   Level
a - Slow                  Hex            28%        N/A       22%         1

Your spell library contained the following spells:

 Spells                   Type           Power      Damage    Failure   Level
 Inner Flame              Hex/Fire       4%         N/A       73%         3
 Portal Projectile        Hex/Tloc       8%         N/A       73%         3
 Cause Fear               Hex            3%         N/A       91%         4

Inventory:

Hand Weapons
 Y - a +1 sling (weapon)
Armour
 g - a +0 ring mail (worn)
Jewellery
 a - a +6 ring of dexterity
 c - a ring of resist corrosion (left hand)
 i - an amulet of the acrobat (around neck)
Scrolls
 b - a scroll of identify
Potions
 d - 2 potions of brilliance {unknown}
 e - a potion of degeneration {unknown}
 f - a potion of lignification {unknown}
 h - a potion of ambrosia {unknown}
 j - a potion of curing {unknown}

Dungeon Overview and Level Annotations

Branches:
Dungeon (3/15)

Altars:

Shops:
D:1 (


Message History

1631 ||| FLEEEEING.
You see here a quokka corpse.
1632 ||| FLEEEEING.
1633 ||| FLEEEEING.
1634 ||| FLEEEEING.
1635 ||| FLEEEEING.
You shoot a sling bullet. The sling bullet barely misses the orc.
You shoot a sling bullet.
The sling bullet closely misses the orc.
You shoot a sling bullet. The sling bullet hits the orc.
The orc is lightly wounded.
The orc hits you but does no damage.
The orc priest mumbles some strange prayers to Beogh against you.
Beogh smites you!
Ouch! That really hurt!
The orc barely misses you.
You shoot a sling bullet.
The sling bullet closely misses the orc.
The sling bullet hits the orc!
You kill the orc!
The orc hits you with a +0 short sword.
You shoot a sling bullet. The sling bullet barely misses the orc.
You shoot a sling bullet.
The sling bullet hits the orc but does no damage.
The orc closely misses you.
The orc priest hits you but does no damage.
The orc hits you but does no damage.
You shoot a sling bullet. The sling bullet hits the orc priest.
The orc priest is severely wounded.
The orc priest calls down the wrath of Beogh upon you.
Beogh smites you! The orc closely misses you.
You shoot a sling bullet.
The sling bullet closely misses the orc priest.
The orc priest looks encouraged for a moment.
The orc closely misses you.
You shoot a sling bullet. The sling bullet hits the orc priest.
The orc priest is almost dead.
The orc priest barely misses you. The orc hits you but does no damage.
The orc priest hits you with a +0 mace!
You die...

########....#####.#.......
............<....>........
......##....#####.........
......##............o..o..
.....(##.........%#.#######
......##..........#.......#
......##........).#######.######
##.######.......o.##...........#
...............o@.#............#
........#....)....#............#
.....##.#.........#........#.###
.....##.#.........#.######...#
#.#.#.#.#.#.......#.# #.###
.#.#.#.#.#...####.#.# #.#
#.#.#.#.#.##.# ##'#.# #.#
.#.#.#.#.#.#.# #....# #.##
#.#.#.#.#.##.# #....# #..##


You could see an orc priest and an orc.

Vanquished Creatures
  A hound (D:2)
  An adder (D:2)
  A worm (D:2)
  3 dart slugs
  2 orcs (D:3)
  4 endoplasms
  6 goblins
  4 hobgoblins
  3 jackals (D:2)
  3 quokkas
  3 ball pythons
  4 bats
  2 frilled lizards
  3 kobolds
  4 rats
44 creatures vanquished.

Notes
Turn   | Place    | Note
-------+----------+-------------------------------------------
     0 | D:1      | qw the Gargoyle Hexslinger began the quest for the Orb.
     0 | D:1      | Reached XP level 1. HP: 12/12 MP: 2/2
     0 | D:1      | 0 ||| qw: Version: 0.3-a-46-gb1f654a
     0 | D:1      | 0 ||| qw: Game counter: 3214
     0 | D:1      | 0 ||| qw: Melee chars always use a shield: true
     0 | D:1      | 0 ||| qw: God list: Okawaru
     0 | D:1      | 0 ||| qw: Allow faded altars: false
     0 | D:1      | 0 ||| qw: Do Orc after clearing Dungeon:15 true
     0 | D:1      | 0 ||| qw: Do second Lair branch before Depths: true
     0 | D:1      | 0 ||| qw: Lair rune preference: random
     0 | D:1      | 0 ||| qw: Goals: Normal
     0 | D:1      | 0 ||| PLANNING D:1-11
   173 | D:1      | Reached XP level 2. HP: 16/16 MP: 3/3
   468 | D:1      | Found Karr's Weapon Boutique.
   476 | D:1      | 476 ||| SHOPLISTING +2 sling of draining (205 gold, have
                  | 51).
   677 | D:1      | Reached skill level 3 in Ranged Weapons
   734 | D:1      | 734 ||| UPGRADING to +0 ring mail.
   744 | D:1      | 744 ||| DROPPING +0 robe.
   745 | D:1      | 745 ||| UPGRADING to amulet of the acrobat.
   750 | D:1      | 750 ||| READING scroll labelled ZUGOAH ZUXYXZA.
   751 | D:1      | 751 ||| READING scroll labelled MYNWUV OPTO.
   764 | D:1      | 764 ||| READING scroll labelled KYCOOSSAYXY.
   765 | D:1      | 765 ||| DROPPING scroll of poison.
   825 | D:2      | HP: 4/17 [hound (3)]
   833 | D:2      | Reached skill level 3 in Fighting
   833 | D:2      | Reached XP level 3. HP: 7/23 MP: 4/4
   986 | D:2      | Reached XP level 4. HP: 28/28 MP: 5/5
  1068 | D:2      | Identified the +0 robe "Makunid" {rN+}
  1278 | D:2      | 1278 ||| DROPPING +0 robe "Makunid" {rN+}.
  1279 | D:2      | 1279 ||| UPGRADING to ring of resist corrosion.
  1280 | D:2      | 1280 ||| READING scroll labelled BIQECA AWEI.
  1281 | D:2      | 1281 ||| READING 2 scrolls labelled DIDU XEOCREO.
  1528 | D:3      | Found a faded altar of an unknown god.
  1631 | D:3      | 1631 ||| FLEEEEING.
  1632 | D:3      | 1632 ||| FLEEEEING.
  1633 | D:3      | 1633 ||| FLEEEEING.
  1634 | D:3      | 1634 ||| FLEEEEING.
  1635 | D:3      | 1635 ||| FLEEEEING.
  1642 | D:3      | HP: 3/28 [orc priest/divine providence (10)]
  1644 | D:3      | Slain by an orc priest

Levels and vault maps discovered:
D:1:      dpeg_arrival_round_c, layout_basic, serial_shops, shop,
          kennysheep_decorative_pillar
D:2:      layout_rooms
D:3:      layout_basic, shapermc_ecumenical_altar_mp_vishouse, serial_shops,
          nicolae_shop_rolling_square, grunt_ministairs_13, minivault_23

Skill      XL: |  1  2 |
---------------+-------+-----
Ranged Weapons | 3 |  3.8
Fighting       | 3 |  3.0
Dodging        | |  1.5
Spellcasting   | |  1.0
Hexes          | |  2.6

Action                     |  1- 3 |  4- 6 || total
---------------------------+-------+-------++-------
   Fire: Sling             |   105 |    81 ||   186
    Use: Scroll            |     3 |     2 ||     5
 Armour: Robe              |     9 |       ||     9
         Ring mail         |    34 |    29 ||    63
  Dodge: Dodged            |    54 |    38 ||    92

Table legend:
 A = Non-vault XP
 B = Vault XP
 C = Vault XP percentage of total XP
 D = Non-vault monster count
 E = Vault monster count
 F = Vault count percentage of total count
                 A         B        C        D         E       F
            +---------+---------+-------+---------+---------+-------
      Total |     134 |       2 |   1.5 |      42 |       2 |   4.5
            +---------+---------+-------+---------+---------+-------
        D:1 |      19 |       0 |   0.0 |      12 |       0 |   0.0
        D:2 |      93 |       0 |   0.0 |      21 |       0 |   0.0
        D:3 |      22 |       2 |   8.3 |       9 |       2 |  18.2
            +---------+---------+-------+---------+---------+-------
